 Dungeon Crawl Stone Soup version 0.18-a0-1343-g48c8f86 (webtiles) character file.

1917 ololoev the Destroyer (level 8, -3/41 HPs)
             Began as a Deep Elf Fire Elementalist on Feb 16, 2016.
             Was a Follower of Sif Muna.
             Slain by a killer bee (10 damage)
             ... on level 8 of the Dungeon.
             The game lasted 00:24:27 (2548 turns).

ololoev the Destroyer (Deep Elf Fire Elementalist)  Turns: 2548, Time: 00:24:28

Health: -3/41      AC:  3    Str:  5      XL:     8   Next: 95%
Magic:  4/20       EV: 12    Int: 23      God:    Sif Muna [*.....]
Gold:   310        SH:  0    Dex: 10 (15) Spells: 5 memorised, 5 levels left

rFire  x . .     SeeInvis .     a - +9 dagger of Chilly Death {flash freeze, rPois rF- rC++ MR+}
rCold  + + .     Gourm    .     s - +1 robe
rNeg   . . .     Faith    .     (no shield)
rPois  +         Spirit   .     (no helmet)
rElec  .         Dismiss  .     (no cloak)
rCorr  .         Reflect  .     (no gloves)
SustAt .         Harm     .     (no boots)
MR     +....                    (no amulet)
Stlth  ++........               (no ring)
                                (no ring)

@: lethally poisoned (-3 -> -11), very slightly contaminated, somewhat resistant
to hostile enchantments, unstealthy
A: no striking features
a: Channel Energy, Renounce Religion

Inventory:

Hand Weapons
 a - the +9 dagger of Chilly Death (weapon) {flash freeze, rPois rF- rC++ MR+}
   (You found it in a sewer)

   It has been specially enchanted to freeze those struck by it, causing extra
   injury to most foes and up to half again as much damage against particularly
   susceptible opponents.
   It can also slow down cold-blooded creatures.
   It makes you vulnerable to fire.
   It greatly protects you from cold.
   It protects you from poison.
   It affects your resistance to hostile enchantments.
Armour
 s - a +1 robe (worn)
Jewellery
 i - the ring of the Failed Coup {rElec rN+ MR+ MP-9 Str+2}
   (You found it on level 7 of the Dungeon)

   [ring of protection from magic]

   It affects your strength (+2).
   It insulates you from electricity.
   It protects you from negative energy.
   It affects your resistance to hostile enchantments.
   It affects your magic capacity (-9).
Wands
 e - a wand of digging (12/24)
 f - a wand of enslavement (6/24)
 g - a wand of acid (7/15)
Scrolls
 d - a scroll of enchant weapon {unknown}
Potions
 n - 2 potions of mutation {unknown}
Books
 b - a book of Flames

   Spells                             Type                      Level
   a - Flame Tongue                   Conjuration/Fire             1
   b - Throw Flame                    Conjuration/Fire             2
   c - Conjure Flame                  Conjuration/Fire             3
   d - Inner Flame                    Hexes/Fire                   3
   e - Sticky Flame                   Conjuration/Fire             4
   f - Fireball                       Conjuration/Fire             5
Comestibles
 c - 8 bread rations
 h - 4 fruits
 j - 6 beef jerkies
 k - a slice of pizza
 l - a meat ration
 o - a chunk of flesh


   Skills:
 - Level 2.4 Dodging
 - Level 2.4 Stealth
 + Level 7.0 Spellcasting
 * Level 8.1 Conjurations
 * Level 7.6 Fire Magic
 * Level 4.3 Invocations


You had 5 spell levels left.
You knew the following spells:

 Your Spells              Type           Power        Failure   Level  Hunger
a - Flame Tongue          Conj/Fire      #####        1%          1    None
b - Conjure Flame         Conj/Fire      #####...     1%          3    None
c - Sticky Flame          Conj/Fire      #####...     3%          4    ###....
d - Fireball              Conj/Fire      #####.....   10%         5    #####..
e - Inner Flame           Hex/Fire       ####....     6%          3    None


You were on level 8 of the Dungeon.
You worshipped Sif Muna.
Sif Muna was aware of your devotion.
You were very hungry.

You visited 2 branches of the dungeon, and saw 9 of its levels.
You also visited: Sewer.

You collected 310 gold pieces.

.........# #.# .#
##.###..#...#####.## .#
#...[....:†.....<..####.#
#.#.#%.#...####.#:##...#
...#.#..##.## #)...#...#
.......K##.#####%........
#....##Z##%..............
####. #y######...........
# #†@.......%.....%P.
#......P.P.....P♣P♣
#......P♣P.....PP♣P
##...P♣PPP♣)...♣♣♣♣
....PPPPP#'†'##
...♣P♣♣♣P#..$# ..PP♣#
###.>)# #..♣P #.$.# #.).#

Notes
Turn   | Place    | Note
--------------------------------------------------------------
     0 | D:1      | ololoev the Deep Elf Fire Elementalist began the quest for the Orb.
     0 | D:1      | Reached XP level 1. HP: 10/10 MP: 6/6
   144 | D:2      | Reached XP level 2. HP: 10/15 MP: 8/8
   171 | D:2      | Found a basalt altar of Yredelemnul.
   372 | D:3      | Found a stormy altar of Qazlal.
   375 | D:3      | Reached XP level 3. HP: 16/19 MP: 10/10
   380 | D:3      | Learned a level 3 spell: Conjure Flame
   384 | D:3      | Learned a level 3 spell: Inner Flame
   487 | D:3      | Noticed YrmMerkstave's ghost (weakling DrTm)
   504 | D:3      | Killed YrmMerkstave's ghost
   504 | D:3      | Reached skill level 4 in Spellcasting
   504 | D:3      | Reached XP level 4. HP: 24/24 MP: 0/12
   610 | D:4      | Noticed an ogre
   633 | D:4      | Killed an ogre
   633 | D:4      | Reached XP level 5. HP: 28/28 MP: 2/13
   739 | D:4      | Noticed an angel
   743 | D:4      | Found a shimmering altar of Xom.
   744 | D:4      | Found a glowing silver altar of Zin.
   820 | D:4      | Learned a level 4 spell: Sticky Flame
   830 | D:4      | Noticed an ogre
   913 | D:4      | Killed an ogre
   913 | D:4      | Reached skill level 5 in Spellcasting
   913 | D:4      | Reached skill level 5 in Conjurations
   913 | D:4      | Reached XP level 6. HP: 32/32 MP: 2/15
   947 | D:4      | Reached skill level 5 in Fire Magic
  1254 | D:5      | Entered Level 5 of the Dungeon
  1254 | D:5      | Noticed a sky beast
  1262 | D:5      | Killed a sky beast
  1285 | D:5      | Reached XP level 7. HP: 22/36 MP: 4/17
  1303 | D:5      | Found a glowing drain.
  1323 | Sewer    | Entered a sewer
  1421 | Sewer    | Reached skill level 6 in Conjurations
  1630 | D:5      | Found a sacrificial altar of Ru.
  1645 | D:6      | Found a staircase to the Ecumenical Temple.
  1657 | Temple   | Entered the Ecumenical Temple
  1807 | Temple   | Became a worshipper of Sif Muna the Loreminder
  1888 | D:6      | Reached skill level 1 in Invocations
  1892 | D:6      | Goblin1989: Мне кажется на федаса разрабы забили давно. Игра разрабатывается а про него забыли. В более старых версиях игры он был более годным.
  1892 | D:6      | Goblin1989: наверное был
  1892 | D:6      | Goblin1989: flash freeze - это как
  1892 | D:6      | Goblin1989: ?
  1892 | D:6      | ololoev: он просто на постэнд не особо заточен
  1892 | D:6      | ololoev: замедляет врага, будто его глацем шарахнуло
  1892 | D:6      | Goblin1989: интересно
  1892 | D:6      | Goblin1989: ну вот грибочки пальцев мутагенных мне улыбались. А я этих грибочков ппц как боюсь
  2027 | D:7      | Reached XP level 8. HP: 18/41 MP: 12/19
  2036 | D:7      | Reached skill level 7 in Conjurations
  2085 | D:7      | Found an ancient bone altar of Kikubaaqudgha.
  2115 | D:7      | Got a brightly glowing jade ring
  2116 | D:7      | Identified the ring of the Failed Coup {rElec rN+ MR+ MP-9 Str+2} (You found it on level 7 of the Dungeon)
  2191 | D:7      | Reached * piety under Sif Muna
  2223 | D:7      | Learned a level 5 spell: Fireball
  2487 | D:8      | Reached skill level 8 in Conjurations
  2548 | D:8      | Slain by a killer bee

Dungeon Overview and Level Annotations

Branches:
Dungeon (8/15)             Temple (1/1) D:6
   Lair: D:8-11

Altars:
Cheibriados
Elyvilon
Kikubaaqudgha
Nemelex Xobeh
Okawaru
Qazlal
Ru
Sif Muna
Trog
Xom
Yredelemnul
Zin


Message History

A hound skeleton comes into view.
Use which ability? (? or * to list)
You channel some magical energy.
You feel somewhat more hungry.
You are feeling very hungry.
The killer bee closely misses you.
A killer bee comes into view.
Use which ability? (? or * to list)
You fail to use your ability.
The killer bee barely misses you. The killer bee stings you.
You are poisoned.
The killer bee poisons you!
You feel sick. The killer bee barely misses you.
You feel sick. The killer bee stings you.
A kobold comes into view.
The killer bee stings you.
Casting: Sticky Flame
Confirm with . or Enter, or press ? or * to list all spells.
Aiming: Sticky Flame
Press: ? - help, Shift-Dir - straight line, f - killer bee
Aim: a killer bee The sticky flame hits the killer bee.
The killer bee is moderately wounded.
The killer bee is covered in liquid flames!
You feel sick.
The killer bee burns!
The killer bee stings you. The killer bee barely misses you.
The killer bee burns!
Use which ability? (? or * to list)
You channel some magical energy.
You feel somewhat more hungry.
You feel sick.
The killer bee burns!
The killer bee closely misses you. The killer bee stings you.
The killer bee stings you but does no damage.
The killer bee stings you.
Use which ability? (? or * to list)
You channel some magical energy.
You feel somewhat more hungry.
The killer bee burns!
You kill the killer bee!
The killer bee stings you.
You are lethally poisoned!
The killer bee poisons you! The killer bee stings you!
You die...

You could see a killer bee, a kobold and a hound skeleton.

Vanquished Creatures
  A water moccasin (D:7)
  A sky beast (D:5)
  3 ogres
  5 giant frogs
  2 gnoll sergeants (D:8)
  The ghost of YrmMerkstave the Ruffian, a weakling DrTm (D:3)
  7 killer bees
  2 crimson imps (D:7)
  2 quasits (D:6)
  An orc priest (D:5)
  A jelly (D:8)
  2 orc wizards
  A centaur skeleton (D:6)
  A giant frog skeleton (D:4)
  A gnoll shaman (D:8)
  An iguana (D:7)
  3 worker ants
  4 adders
  5 gnolls
  A shadow imp (D:7)
  2 oozes
  An adder skeleton (D:4)
  An adder zombie (D:5)
  5 giant geckos
  17 orcs
  2 ball pythons (Sewer)
  3 bats
  10 giant cockroaches
  6 hobgoblins
  3 jackals (D:8)
  A quokka (D:8)
  7 giant newts
  3 goblins (D:3)
  5 kobolds
  3 rats
114 creatures vanquished.

Vanquished Creatures (collateral kills)
  An orc (D:7)
1 creature vanquished.

Vanquished Creatures (others)
  2 killer bees (D:7)
2 creatures vanquished.

Grand Total: 117 creatures vanquished

Action                   |  1- 3 |  4- 6 |  7- 9 || total
-------------------------+-------+-------+-------++-------
Melee: Short sword       |    24 |    11 |     5 ||    40
       Dagger            |       |       |    43 ||    43
 Cast: Flame Tongue      |    28 |    41 |    66 ||   135
       Conjure Flame     |     1 |     6 |     8 ||    15
       Inner Flame       |       |     3 |     4 ||     7
       Sticky Flame      |       |     2 |     9 ||    11
       Fireball          |       |       |     7 ||     7
Invok: Channel Energy    |       |       |    33 ||    33
Evoke: Wand              |       |     3 |     7 ||    10
  Use: Potion            |     1 |     2 |     3 ||     6
       Scroll            |     5 |     1 |     3 ||     9
 Stab: Sleeping          |     1 |       |     1 ||     2
  Eat: Chunk             |       |     1 |    11 ||    12
       Pizza             |       |       |     1 ||     1

Vault maps used:
D:1:      lightli_arrival_lavapool
D:2:      nicolae_overflow_crystal_walls, fedhas_altar_4, makhleb_grotto_becter
D:3:      old_standard_altar, guppyfry_early_orc_mine
D:4:      grunt_temple_overflow_order_and_chaos_1
D:5:      tso_metal_star, nicolae_ru_path_of_blood, johnstein_pakellas_shop,
          portal_sewer_entry_f, first_bread
D:6:      minmay_temple_entry_crystal_x, serial_corexii_hall,
          corexii_hall_statues_i, corexii_hall_statues_deadend
D:7:      kiku_gazebo_pond_becter, grunt_ogre_cave, st_stairs_14
D:8:      kennysheep_housing_project, amethyst_overflow_temple_binary,
          gammafunk_temple_overflow_pools, serial_shops,
          nicolae_shop_overgrown_old_shop, kennysheep_generic_room_13
Temple:   hc_temple_tempest_star
Sewer:    sewer_frog_island_01
